 Dungeon Crawl Stone Soup version 0.26.1-10-gdfb7c7de75 (webtiles) character file.

Game seed: 5492181251818195373

252 smokedtuna the Ruffian (level 6, -9/52 HPs)
             Began as a Ghoul Monk on Apr 2, 2021.
             Mangled by Duvessa
             ... wielding a +0 short sword
              (10 damage)
             ... on level 3 of the Dungeon.
             The game lasted 00:13:45 (2176 turns).

smokedtuna the Ruffian (Ghoul Monk)                 Turns: 2176, Time: 00:13:46

Health: -9/52      AC:  3    Str: 13 (15) XL:     6   Next: 13%
Magic:  5/5        EV: 13    Int:  5      God:
Gold:   206        SH:  0    Dex: 13      Spells: 5/5 levels left

rFire    x . .     SeeInvis .     - Unarmed
rCold    + + .     Faith    .   (no shield)
rNeg     + + +     Spirit   .   a - +0 robe
rPois    ∞         Reflect  .   (no helmet)
rElec    .         Harm     .   g - +0 cloak
rCorr    .         Rampage  .   (no gloves)
Will     .....                  (no boots)
Stlth    ++........             j - amulet of regeneration
HPRegen  0.00/turn              p - ring of ice
MPRegen  0.09/turn              (no ring)

@: no status effects
A: claws 1, cold resistance 1, negative energy resistance 3, inhibited
regeneration, torment resistance, unbreathing
a: no special abilities


You were on level 3 of the Dungeon.
You visited 1 branch of the dungeon, and saw 4 of its levels.

You collected 206 gold pieces.

Inventory:

Missiles
 d - 22 poisoned darts
 f - 3 boomerangs (quivered)
Armour
 a - a +0 robe (worn)
 g - a +0 cloak (worn)
 u - a +2 helmet
Jewellery
 j - an amulet of regeneration (around neck)
 p - a ring of ice (left claw)
 q - an uncursed ring of magical power
 r - an uncursed ring of willpower {unknown}
Wands
 k - a wand of acid (6)
 t - a wand of iceblast (9)
 v - a wand of polymorph (11)
Scrolls
 i - a scroll of teleportation {unknown}
 l - 3 scrolls of blinking {unknown}
 m - a scroll of noise {unknown}
 s - a scroll of identify
Potions
 b - a potion of curing
 c - a potion of mutation
 e - a potion of magic {unknown}
 h - a potion of ambrosia
 n - a potion of invisibility {unknown}
 o - a potion of haste {unknown}


   Skills:
 + Level 4.0 Fighting
 + Level 3.6 Dodging
 + Level 3.6 Stealth
 + Level 5.7 Unarmed Combat


You had 5 spell levels left.
You didn't know any spells.
Your spell library was empty.

Dungeon Overview and Level Annotations

Branches:
Dungeon (4/15)
 Temple: D:4-7

Altars:
Fedhas

Annotations:
D:3 Duvessa


Innate Abilities, Weirdness & Mutations

You thrive by killing the living.
You are immune to poison.
You have sharp fingernails.
Your flesh is cold resistant. (rC+)
You are immune to negative energy. (rN+++)
You do not regenerate when monsters are visible.
You are immune to unholy pain and torment.
You can survive without breathing.


Message History

Duvessa barely misses you. Duvessa closely misses you.
You scratch Duvessa.
Duvessa is moderately wounded.
Duvessa hits you with a +0 short sword!
* * * LOW HITPOINT WARNING * * *
You're too confused to move!
Duvessa closely misses you. Duvessa barely misses you.
You feel less invigorated.
You feel less confused. Duvessa barely misses you.
You scratch Duvessa but do no damage.
Duvessa is lightly wounded.
Duvessa hits you with a +0 short sword!
* * * LOW HITPOINT WARNING * * *
Duvessa hits you with a +0 short sword!
* * * LOW HITPOINT WARNING * * *
You barely miss Duvessa.
Duvessa is lightly wounded.
Duvessa hits you with a +0 short sword!
You die...

.....###.....#......#
#..........
.............###....#
#..........
############## ##...#
#..........
##########...#
#..........
#...........)#
###########
########...........>#
#
...................##
#
................e..#
#
................@..#
#
..........##########
###### ..........#
#....# #######...#
#....# ## #...#
#....# #. #...#
#....# #. #...#
#....# #. #...#
#.†..######. #...#
#....##.(...


You could see Duvessa (berserk).

Vanquished Creatures
  Dowan (D:3)
  An orc wizard (D:3)
  Terence (D:2)
  A killer bee zombie (D:3)
  3 gnolls (D:2)
  4 adders
  An ooze (D:2)
  A worm (D:2)
  A dart slug (D:1)
  3 leopard geckos
  5 orcs (D:3)
  4 ball pythons (D:2)
  4 bats
  2 giant cockroaches (D:1)
  6 hobgoblins
  2 jackals (D:4)
  5 kobolds
  5 frilled lizards
  A quokka zombie (D:3)
  5 rats
56 creatures vanquished.

Notes
Turn   | Place    | Note
-------+----------+-------------------------------------------
     0 | D:1      | smokedtuna the Ghoul Monk began the quest for the Orb.
     0 | D:1      | Reached XP level 1. HP: 19/19 MP: 0/0
   128 | D:1      | Reached XP level 2. HP: 26/26 MP: 1/1
   630 | D:2      | Reached XP level 3. HP: 31/31 MP: 2/2
   745 | D:2      | Reached skill level 4 in Unarmed Combat
   754 | D:2      | Reached XP level 4. HP: 13/40 MP: 3/3
  1035 | D:2      | Noticed Terence
  1067 | D:2      | Killed Terence
  1326 | D:3      | Reached XP level 5. HP: 41/46 MP: 4/4
  1689 | D:3      | Reached skill level 5 in Unarmed Combat
  1902 | D:3      | Found a blossoming altar of Fedhas.
  1976 | D:4      | Noticed a phantom
  2032 | D:4      | Noticed Duvessa
  2152 | D:4      | Noticed Dowan
  2159 | D:3      | Killed Dowan
  2160 | D:3      | Reached XP level 6. HP: 29/52 MP: 5/5
  2175 | D:3      | HP: 1/52 [Duvessa/+0 short sword (12)]
  2176 | D:3      | Mangled by Duvessa

Illustrated notes

Levels and vault maps discovered:
D:1:      dpeg_chamrin_arrival_tetris, layout_loops_ring,
          amcnicky_mini_corridor_feature
D:2:      layout_rooms, uniq_terence
D:3:      layout_basic, old_standard_altar
D:4:      layout_cave_pools, minitemple, makhleb_blood_cavern_becter,
          uniq_duvessa

Skill      XL: |  1  2  3  4  5 |
---------------+----------------+-----
Dodging        | 3 |  3.6
Unarmed Combat | 4 5 |  5.7
Stealth        | 3 |  3.6
Fighting       | 4 |  4.0

Action                   |  1- 3 |  4- 6 || total
-------------------------+-------+-------++-------
Melee: Unarmed           |    70 |   116 ||   186
       Punch             |       |     1 ||     1
  Use: Scroll            |       |     3 ||     3
       Potion            |       |     3 ||     3
 Stab: Sleeping          |     3 |     4 ||     7
Armor: Robe              |     9 |    18 ||    27
Dodge: Dodged            |    36 |    73 ||   109
